 Dungeon Crawl Stone Soup version 0.21.0 (webtiles) character file.

2856 Suckerboh the Slicer (level 10, -9/91 HPs)
             Began as a Kobold Berserker on Jan 5, 2018.
             Was an Elder of Trog.
             Mangled by an orc warrior
             ... wielding a +0 halberd
              (13 damage)
             ... on level 7 of the Dungeon.
             The game lasted 00:12:01 (8228 turns).

Suckerboh the Slicer (Kobold Berserker)             Turns: 8228, Time: 00:12:01

Health: -9/91      AC: 18    Str: 22    XL:     10   Next: 4%
Magic:  10/10      EV: 12    Int: 14    God:    Trog [****..]
Gold:   332        SH:  0    Dex: 18    Spells: 9/9 levels left

rFire    . . .     SeeInvis .   z - +1 long sword "Kevvuac" {drain, Dex+3} (curse)
rCold    . . .     Gourm    .   (shield restricted)
rNeg     . . .     Faith    .   g - +0 storm dragon scales
rPois    .         Spirit   .   (no helmet)
rElec    +         Reflect  .   y - +0 cloak
rCorr    +         Harm     .   s - +2 pair of gloves
MR       +....                  t - +0 pair of boots
Stlth    ..........             (no amulet)
HPRegen  0.25/turn              o - ring of resist corrosion
MPRegen  0.12/turn              D - ring of protection from magic

@: brilliant, berserking, very quick
A: small, carnivore
a: Berserk, Trog's Hand, Brothers in Arms, Burn Spellbooks, Renounce Religion


You were on level 7 of the Dungeon.
You worshipped Trog.
Trog was greatly pleased with you.
You were very full.

You visited 1 branch of the dungeon, and saw 7 of its levels.

You collected 332 gold pieces.

Inventory:

Hand Weapons
 a - a +0 short sword
 z - the cursed +1 long sword "Kevvuac" (weapon) {drain, Dex+3}
   (You took it off an orc on level 5 of the Dungeon)

   A truly terrible weapon, it drains the life of those it strikes.
   It affects your dexterity (+3).
   It has a curse placed upon it.
 C - a +1 blowgun
 G - a +1 dagger of venom
Armour
 b - a +0 animal skin
 g - +0 storm dragon scales (worn)
 m - a +0 buckler
 s - a +2 pair of gloves (worn)
 t - a +0 pair of boots (worn)
 y - a +0 cloak (worn)
Jewellery
 o - a ring of resist corrosion (left hand)
 D - a ring of protection from magic (right hand)
Wands
 x - a wand of acid (5)
 E - a wand of flame (26)
Scrolls
 d - a scroll of immolation
 h - 2 scrolls of enchant weapon
 j - 3 scrolls of amnesia
 k - 2 scrolls of identify
 v - 3 scrolls of teleportation
 B - a scroll of remove curse {unknown}
 F - a scroll of summoning {unknown}
Potions
 e - 2 potions of flight {unknown}
 f - 2 potions of ambrosia {unknown}
 i - 2 potions of brilliance
 l - 2 potions of heal wounds {unknown}
 n - 2 potions of berserk rage {unknown}
 p - 2 potions of agility
 q - a potion of resistance {unknown}
 r - a potion of magic {unknown}
 u - 2 potions of haste {unknown}
 w - a potion of curing {unknown}
 A - a potion of might {unknown}
Comestibles
 c - 12 rations


   Skills:
 + Level 6.8 Fighting
 - Level 12.2(12.5) Short Blades
 * Level 3.0(6.0) Long Blades
 + Level 5.3 Armour
 + Level 3.3 Dodging
 + Level 1.4 Stealth


You had 9 spell levels left.
You didn't know any spells.

Dungeon Overview and Level Annotations

Branches:
Dungeon (7/15)             Temple (0/1) D:6

Altars:
Elyvilon
Kikubaaqudgha
Makhleb
Trog
Wu Jian
Xom


Innate Abilities, Weirdness & Mutations

You are small and have problems with some larger weapons.
You are carnivorous and can eat meat at any time.


Message History

Your base Long Blades skill increases to level 3!
The orc warrior hits you from afar with a halberd.
Items here: )) [[ a dagger; a robe; a club; a leather armour Your storm dragon scales prevents you from hitting the orc warrior.
The orc warrior hits you with a halberd!
* * * LOW HITPOINT WARNING * * *
You closely miss the orc warrior.
The orc warrior hits you with a halberd!
* * * LOW HITPOINT WARNING * * *
It was a potion of brilliance.
You feel clever all of a sudden. The orc warrior closely misses you.
A red film seems to cover your vision as you go berserk!
You feel yourself moving faster!
You feel mighty!
You feel a lot less full.
The orc warrior hits you but does no damage.
You slash the orc warrior!
The orc warrior is moderately wounded.
The orc warrior hits you with a halberd!
You die...

........####...##.#######
........'†.......<.......
....?...####..)##.#######
.......## ##.###.#
#....[# ### #.# ##...#
#.# ##+# #.# ##########.#
#..o@..##..# #.####.##.##
#.##.# #.##.# #..###.##.#
#.........# ###########


You could see an orc warrior.

Vanquished Creatures
  A two-headed ogre (D:3)
  Sigmund (D:5)
  Edmund (D:5)
  3 ogres
  4 phantoms
  A bullfrog (D:5)
  2 scorpions
  3 killer bees (D:7)
  2 crimson imps
  A bullfrog zombie (D:7)
  A centaur zombie (D:6)
  2 jellies
  4 orc priests
  9 orc wizards
  Crazy Yiuf (D:3)
  A bullfrog skeleton (D:6)
  An iguana (D:7)
  Ijyb (D:3)
  Terence (D:2)
  4 worker ants
  A hound skeleton (D:5)
  A worker ant zombie (D:5)
  3 gnolls (D:3)
  10 adders
  A shadow imp (D:6)
  3 worms
  3 dart slugs
  4 leopard geckos
  21 orcs
  2 giant cockroaches
  15 goblins
  10 hobgoblins
  9 jackals
  4 quokkas
  5 bats
  6 frilled lizards
  A jackal skeleton (D:4)
  10 kobolds
  A leopard gecko skeleton (D:4)
  8 rats
162 creatures vanquished.

Notes
Turn   | Place    | Note
-------+----------+-------------------------------------------
     0 | D:1      | Suckerboh the Kobold Berserker began the quest for the Orb.
     0 | D:1      | Reached XP level 1. HP: 14/14 MP: 1/1
    82 | D:1      | HP: 1/21 [kobold/short sword (3)]
   689 | D:1      | Reached XP level 2. HP: 17/19 MP: 2/2
  1011 | D:1      | Reached skill level 5 in Short Blades
  1015 | D:1      | Reached XP level 3. HP: 23/23 MP: 3/3
  1523 | D:2      | Reached XP level 4. HP: 29/29 MP: 4/4
  1606 | D:2      | Noticed Terence
  1617 | D:2      | Killed Terence
  1617 | D:2      | Reached skill level 6 in Short Blades
  1698 | D:2      | Reached ** piety under Trog
  1745 | D:2      | Reached XP level 5. HP: 32/33 MP: 5/5
  2174 | D:3      | Reached skill level 7 in Short Blades
  2259 | D:3      | Reached XP level 6. HP: 20/38 MP: 6/6
  2462 | D:3      | Found a runed door.
  2859 | D:3      | Reached skill level 8 in Short Blades
  3412 | D:3      | Noticed a two-headed ogre
  3423 | D:3      | Killed a two-headed ogre
  3423 | D:3      | Reached skill level 10 in Short Blades
  3423 | D:3      | Reached XP level 7. HP: 44/44 MP: 7/7
  3423 | D:3      | Reached XP level 8. HP: 48/48 MP: 8/8
  3552 | D:3      | Reached *** piety under Trog
  3598 | D:3      | Noticed Ijyb
  3613 | D:3      | Killed Ijyb
  4062 | D:3      | Found a burning altar of Makhleb.
  4063 | D:3      | Found a shimmering altar of Xom.
  4327 | D:3      | Noticed Crazy Yiuf
  4334 | D:3      | Killed Crazy Yiuf
  4556 | D:4      | Found an ornate altar of the Wu Jian Council.
  4697 | D:4      | Reached skill level 11 in Short Blades
  5032 | D:4      | Got a transparent long sword {freeze}
  5211 | D:5      | Entered Level 5 of the Dungeon
  5257 | D:5      | Noticed Sigmund
  5274 | D:5      | Killed Sigmund
  5274 | D:5      | Reached XP level 9. HP: 53/53 MP: 9/9
  5395 | D:5      | Reached skill level 5 in Fighting
  5412 | D:5      | Reached **** piety under Trog
  5414 | D:5      | Got an encrusted long sword {drain}
  5518 | D:5      | Noticed Edmund
  5538 | D:5      | Killed Edmund
  5538 | D:5      | Reached skill level 12 in Short Blades
  6124 | D:5      | Reached skill level 1 in Stealth
  6720 | D:5      | Found a white marble altar of Elyvilon.
  6720 | D:5      | Found a bloodstained altar of Trog.
  6759 | D:5      | Found an ancient bone altar of Kikubaaqudgha.
  7198 | D:5      | Identified the +1 long sword of Vaff {freeze, Int+7} (You took it off an orc on level 4 of the Dungeon)
  7199 | D:5      | Identified the cursed +1 long sword "Kevvuac" {drain, Dex+3} (You took it off an orc on level 5 of the Dungeon)
  7252 | D:6      | Reached skill level 5 in Armour
  7341 | D:6      | Found a staircase to the Ecumenical Temple.
  7542 | D:6      | Reached skill level 1 in Long Blades
  8034 | D:7      | Reached XP level 10. HP: 41/61 MP: 10/10
  8225 | D:7      | HP: 3/61 [orc warrior/halberd (10)]
  8228 | D:7      | Mangled by an orc warrior

Skill      XL: |  1  2  3  4  5  6  7  8  9 10 |
---------------+-------------------------------+-----
Short Blades   | 5 6 7 10 11 12 | 12.2
Armour         | 2 3 4 5 |  5.3
Fighting       | 4 6 |  6.8
Dodging        | 3 |  3.3
Stealth        | 1 |  1.4
Long Blades    | 2 3 |  3.0

Action                   |  1- 3 |  4- 6 |  7- 9 | 10-12 || total
-------------------------+-------+-------+-------+-------++-------
Melee: Short sword       |    90 |   208 |   412 |       ||   710
       Long sword        |       |       |    96 |    27 ||   123
Invok: Berserk           |     2 |     3 |     6 |     1 ||    12
  Use: Scroll            |       |       |     6 |       ||     6
       Potion            |       |       |       |     1 ||     1
  Eat: Chunk             |     9 |     9 |    23 |       ||    41
Armor: Animal skin       |     5 |       |       |       ||     5
       Storm dragon scal |    20 |    89 |   180 |    15 ||   304
Dodge: Dodged            |    57 |    76 |   199 |    14 ||   346
       Rpst.: Long sword |       |       |    23 |     2 ||    25
